 Dungeon Crawl Stone Soup version 0.18.1-5-g4a78601 (webtiles) character file.

368 tyrsky the Digger (level 6, -2/32 HPs)
             Began as a Gargoyle Earth Elementalist on May 14, 2016.
             Slain by a giant frog (4 damage)
             ... in a sewer.
             The game lasted 00:09:14 (2962 turns).

tyrsky the Digger (Gargoyle Earth Elementalist)     Turns: 2962, Time: 00:09:14

Health: -2/32      AC:  7    Str: 12    XL:     6   Next: 69%
Magic:  0/13       EV: 12    Int: 17    God:
Gold:   144        SH:  0    Dex: 10    Spells: 2 memorised, 11 levels left

rFire  . . .     SeeInvis .     e - +0 club
rCold  . . .     Gourm    .     a - +0 robe
rNeg   + . .     Faith    .     (no shield)
rPois  ∞         Spirit   .     (no helmet)
rElec  +         Dismiss  +     v - +0 cloak
rCorr  .         Reflect  .     (no gloves)
SustAt .         Harm     .     (no boots)
MR     .....                    r - amulet of dismissal
Stlth  ++........               (no ring)
                                (no ring)

@: very slightly contaminated, not resistant to hostile enchantments, unstealthy
A: negative energy resistance 1, electricity resistance, unbreathing,
petrification resistance, rot immunity, AC +4
a: no special abilities


You were in a sewer.
You were not hungry.

You visited 1 branch of the dungeon, and saw 4 of its levels.
You also visited: Sewer.

You collected 144 gold pieces.

Inventory:

Hand Weapons
 e - a +0 club (weapon)
Missiles
 b - 72 stones (quivered)
Armour
 a - a +0 robe (worn)
 v - a +0 cloak (worn)
Jewellery
 r - an amulet of dismissal (around neck)
Potions
 f - 4 potions of lignification
 i - 2 potions of heal wounds {unknown}
 j - a potion of ambrosia {unknown}
 m - a potion of invisibility {unknown}
 n - a potion of berserk rage {unknown}
 s - a potion of agility {unknown}
 u - a potion of magic {unknown}
Books
 c - a book of Geomancy

   Spells                             Type                      Level
   a - Sandblast                      Earth                        1
   b - Passwall                       Transmutation/Earth          2
   c - Stone Arrow                    Conjuration/Earth            3
   d - Petrify                        Transmutation/Earth          4
   e - Lee's Rapid Deconstruction     Earth                        5
Comestibles
 d - 5 bread rations
 h - 2 beef jerkies
 k - 4 fruits
 l - a slice of pizza


   Skills:
 - Level 1.5 Dodging
 - Level 2.1 Stealth
 * Level 5.0 Spellcasting
 + Level 2.1 Conjurations
   Level 0.7 Transmutations
 + Level 5.5 Earth Magic


You had 11 spell levels left.
You knew the following spells:

 Your Spells              Type           Power        Failure   Level  Hunger
a - Sandblast             Erth           ###...       1%          1    None
b - Stone Arrow           Conj/Erth      ###...       10%         3    ###....


Dungeon Overview and Level Annotations

Branches:
Dungeon (4/15)
 Temple: D:4-7

Altars:


Innate Abilities, Weirdness & Mutations

You are resistant to torment.
Your stone body is resilient (AC +4).
You are immune to poison.
You resist negative energy.
You are resistant to electric shocks.
You can survive without breathing.
You are immune to petrification.
You are immune to rotting.


Message History

Press: ? - help, Shift-Dir - straight line, f/p - giant frog
Aim: a giant frog (heavily wounded)
The blast of sand misses the giant frog.
The giant frog barely misses you.
Casting: Sandblast
Confirm with . or Enter, or press ? or * to list all spells.
Aiming: Sandblast
Press: ? - help, Shift-Dir - straight line, f/p - giant frog
Aim: a giant frog (heavily wounded)
The blast of sand misses the giant frog.
The giant frog barely misses you. The giant frog misses you.
Casting: Sandblast
Confirm with . or Enter, or press ? or * to list all spells.
Aiming: Sandblast
Press: ? - help, Shift-Dir - straight line, f/p - giant frog
Aim: a giant frog (heavily wounded)
The blast of sand hits the giant frog.
The giant frog is heavily wounded.
The giant frog hits you.
You die...

####≈≈≈≈≈≈≈≈.≈≈≈≈≈.≈≈####
##.≈.≈≈≈≈#########≈≈≈†≈≈≈##
##≈≈.≈≈####≈...≈≈≈####≈≈†≈≈##
##≈.≈≈###≈†≈≈.≈≈≈≈≈.≈≈###≈≈.≈##
#≈.≈≈##≈.≈≈≈#######.≈≈≈≈##≈≈≈≈#
##≈≈≈##≈.≈≈###≈≈≈≈≈###..≈≈##≈≈≈##
#≈≈≈.#≈≈≈≈##≈≈≈≈.≈≈≈≈##≈≈.≈#≈†≈≈#
#.†≈##.≈≈##≈≈≈≈≈...≈≈≈##≈≈≈##≈.≈#
#≈≈≈#.≈≈≈#≈≈≈≈≈†9?...≈≈#≈≈≈.#≈≈..
#.≈≈#≈≈≈≈#≈≈≈.≈F..:$.≈≈#..≈≈#≈..∩
#.≈≈#≈†≈≈#≈≈≈≈≈≈.≈!≈≈≈≈#†≈≈.#≈≈≈.
#≈≈≈##≈≈≈##≈≈≈≈≈≈≈†.≈≈≈#.≈≈##.≈≈#
#≈≈≈≈#≈≈..##≈≈≈≈.≈≈≈.≈.#≈≈≈#≈≈≈≈#
##..≈##≈≈≈≈###≈≈≈≈≈#†≈##.≈##≈≈≈##
#≈≈≈≈##..≈≈÷#######≈≈#†≈##.≈≈.#
##≈.≈.###≈..≈≈≈≈≈..≈##≈†#≈.≈≈##
##≈≈≈≈≈####≈≈≈≈.≈..#≈≈≈≈≈≈.##


You could see a giant frog.

Vanquished Creatures
  A giant frog (Sewer)
  A scorpion (D:4)
  A worker ant (D:4)
  8 adders
  8 oozes
  A worm (D:2)
  2 dart slugs
  14 giant geckos
  An orc (D:4)
  8 bats
  10 giant cockroaches
  5 goblins
  5 hobgoblins
  10 jackals
  11 ball pythons
  A giant gecko skeleton (D:3)
  12 giant newts
  3 kobolds
  6 rats
108 creatures vanquished.

Notes
Turn   | Place    | Note
--------------------------------------------------------------
     0 | D:1      | tyrsky the Gargoyle Earth Elementalist began the quest for the Orb.
     0 | D:1      | Reached XP level 1. HP: 10/10 MP: 3/3
   360 | D:1      | Reached XP level 2. HP: 15/15 MP: 0/5
   624 | D:1      | Reached XP level 3. HP: 13/19 MP: 0/7
  1106 | D:2      | Reached XP level 4. HP: 23/24 MP: 1/9
  1423 | D:3      | Found a faded altar to an unknown god.
  1511 | D:3      | Learned a level 3 spell: Stone Arrow
  1913 | D:4      | Reached skill level 1 in Conjurations
  1913 | D:4      | Reached XP level 5. HP: 11/28 MP: 0/11
  2095 | D:4      | Found a glowing drain.
  2100 | Sewer    | Entered a sewer
  2305 | Sewer    | Reached skill level 5 in Earth Magic
  2423 | Sewer    | Reached XP level 6. HP: 24/32 MP: 3/12
  2956 | Sewer    | Reached skill level 5 in Spellcasting
  2962 | Sewer    | Slain by a giant frog

Skill      XL: |  1  2  3  4  5  6 |
---------------+-------------------+-----
Spellcasting   | 3 4 5 |  5.0
Earth Magic    | 4 5 |  5.5
Conjurations   | 1 2 |  2.1
Dodging        | |  1.5
Stealth        | |  2.1
Transmutations | |  0.7

Action                   |  1- 3 |  4- 6 || total
-------------------------+-------+-------++-------
Melee: Unarmed           |     5 |       ||     5
       Club              |    28 |    37 ||    65
 Cast: Sandblast         |    52 |   188 ||   240
  Use: Scroll            |       |     6 ||     6
       Potion            |       |     3 ||     3
  Eat: Chunk             |     1 |     6 ||     7
Armor: Robe              |    28 |    77 ||   105
Dodge: Dodged            |    57 |   152 ||   209
